AoeStats
← Checkmate

Arena

510019574Analyzed
2v2 RM · 3d ago on Sep 29, 2026· 71m 57s· 4 players
Game mode
Random Map
Map size
Medium (4 player)
Population
200
Speed
Normal
Resources
Standard
Victory
Conquest
Starting age
Dark Age
Ending age
Imperial Age
RankedLock teamsTeams togetherTeam positionsShared explorationLock speedFull tech treeHidden civsTurbo modeCheats
Victory
Defeat
🇲🇽 Bohemians · Mexico
784
+14
🇲🇽 Tatars · Mexico
676
+17
🇲🇽 Persians · Mexico
741
-16
🇦🇷 Britons · Argentina
717
-15
2022aoe2
0:31 Loom
12:53 Feudal Age
13:13 Double-Bit Axe
13:19 Horse Collar
14:19 Gold Mining
21:02 Castle Age
21:52 Bow Saw
21:44 Heavy Plow
21:40 Stone Mining
22:26 Gold Shaft Mining
22:17 Town Watch
23:48 Wheelbarrow
24:43 Coinage
26:10 Gold Shaft Mining
26:11 Stone Shaft Mining
28:22 Caravan
28:28 Light Cavalry
33:37 Imperial Age
31:37 Ballistics
32:56 Hand Cart
35:15 Chemistry
34:50 Conscription
34:47 Citadels
35:18 Banking
34:59 Guilds
34:42 Cavalier
35:41 Forging
37:18 Savar
37:20 Heavy Camel Rider
38:40 Bloodlines
39:02 Husbandry
40:38 Hoardings
44:34 Onager
48:32 Elite War Elephant
52:03 Iron Casting
51:18 Fletching
51:28 Padded Archer Armor
51:29 Scale Mail Armor
51:34 Scale Barding Armor
55:29 Hussar
Checkmate
0:26 Loom
9:40 Feudal Age
10:12 Double-Bit Axe
11:07 Wheelbarrow
11:12 Horse Collar
15:29 Fletching
15:40 Padded Archer Armor
19:16 Castle Age
17:22 Stone Mining
18:12 Gold Mining
18:20 Fletching
19:32 Padded Archer Armor
20:15 Bow Saw
20:46 Bodkin Arrow
23:44 Gold Shaft Mining
25:20 Hand Cart
25:48 Heavy Plow
25:55 Town Watch
26:54 Murder Holes
28:09 Leather Archer Armor
32:21 Imperial Age
30:03 Scale Barding Armor
32:21 Forging
32:12 Scale Mail Armor
32:34 Chain Barding Armor
32:42 Ballistics
33:15 Elite Longbowman
35:02 Conscription
35:52 Chemistry
37:02 Two-Man Saw
38:00 Yeomen
38:52 Caravan
39:41 Bracer
40:11 Ring Archer Armor
39:09 Elite Skirmisher
39:51 Pikeman
40:31 Squires
40:36 Town Patrol
40:58 Fortified Wall
48:20 Heavy Scorpion
49:53 Cavalier
50:34 Husbandry
54:35 Plate Barding Armor
54:16 Chain Mail Armor
54:36 Iron Casting
71:06 Light Cavalry
el roller
6:15 Loom
11:19 Feudal Age
11:53 Double-Bit Axe
12:47 Wheelbarrow
12:16 Horse Collar
13:42 Gold Mining
16:12 Bloodlines
19:31 Padded Archer Armor
19:37 Scale Barding Armor
20:31 Stone Mining
20:48 Arson
25:59 Castle Age
24:06 Fletching
25:43 Forging
27:17 Hand Cart
27:18 Bow Saw
27:12 Heavy Plow
27:51 Gold Shaft Mining
27:41 Chain Barding Armor
27:47 Leather Archer Armor
30:42 Iron Casting
30:03 Bodkin Arrow
32:28 Husbandry
31:59 Light Cavalry
34:12 Coinage
35:25 Silk Armor
35:35 Murder Holes
39:59 Imperial Age
40:04 Ballistics
41:03 Timurid Siegecraft
41:44 Elite Keshik
43:14 Elite Steppe Lancer
44:30 Caravan
44:27 Elite Skirmisher
44:52 Pikeman
45:36 Squires
50:20 Plate Barding Armor
50:50 Blast Furnace
50:26 Ring Archer Armor
55:12 Halberdier
59:49 Hussar
dragonbanshe1
13:37 Feudal Age
17:44 Castle Age
15:34 Double-Bit Axe
17:54 Wheelbarrow
18:45 Bow Saw
18:18 Horse Collar
20:39 Fervor
20:42 Heavy Plow
22:51 Hand Cart
24:06 Loom
24:15 Pikeman
30:46 Chemistry
29:58 Fortified Wall
30:11 Ballistics
33:43 Imperial Age
31:39 Squires
32:11 Caravan
33:45 Masonry
33:46 Wagenburg Tactics
34:22 Forging
34:13 Scale Mail Armor
36:57 Conscription
38:11 Iron Casting
37:52 Chain Mail Armor
37:00 Halberdier
37:28 Arson
37:09 Houfnice
39:06 Two-Man Saw
38:02 Town Watch
38:40 Elite Hussite Wagon
40:11 Architecture
41:56 Padded Archer Armor
42:59 Blast Furnace
49:34 Blast Furnace
49:05 Plate Mail Armor
61:30 Leather Archer Armor
64:04 Fletching
64:45 Ring Archer Armor
Connection lost

Rejoining the realm…

Still unreachable

The connection could not be restored.

Session expired

The server has moved on; the page needs a fresh start.